 Dungeon Crawl Stone Soup version 0.29.0-4-gdea44cf6ec (webtiles) character file.

Game seed: 17667933105679320752

3671 qw the Cleaver (level 9, -4/81 HPs)
             Began as a Minotaur Berserker on Sept 10, 2022.
             Was a Priest of Trog.
             Slain by Snorg (9 damage)
             ... on level 10 of the Dungeon.
             The game lasted 00:02:16 (8558 turns).

qw the Cleaver (Minotaur Berserker)                 Turns: 8558, Time: 00:02:16

Health: -4/81      AC: 13    Str: 26    XL:     9   Next: 89%
Magic:  8/8        EV:  7    Int:  4    God:    Trog [***...]
Gold:   174        SH:  4    Dex: 10    Spells: 8/8 levels left

rFire   . . .      SeeInvis .   n - +2 hand axe (vamp)
rCold   + . .      Faith    .   h - +0 buckler
rNeg    . . .      Spirit   .   c - +0 plate armour
rPois   .          Reflect  .   (helmet restricted)
rElec   .          Harm     .   (no cloak)
rCorr   .          Rampage  .   (no gloves)
Will    .....                   (no boots)
Stlth   ..........              (no amulet)
HPRegen 0.23/turn               g - ring of protection from cold
MPRegen 0.11/turn               (no ring)

@: about to teleport, on berserk cooldown, slowed, very slow
A: horns 2, retaliatory headbutt
a: Renounce Religion, Berserk, Trog's Hand


You were on level 10 of the Dungeon.
You worshipped Trog.
Trog was most pleased with you.
You visited 1 branch of the dungeon, and saw 8 of its levels.

You collected 389 gold pieces.
You spent 215 gold pieces at shops.


Innate Abilities, Weirdness & Mutations

You have a pair of horns on your head.
You reflexively headbutt those who attack you in melee.


   Skills:
 - Level 8.0 Fighting
 - Level 13.1 Axes
 - Level 2.1 Throwing
 - Level 7.1 Armour
 - Level 2.1 Dodging
 + Level 4.2 Shields


You had 8 spell levels left.
You didn't know any spells.
Your spell library was empty.

Inventory:

Hand Weapons
 m - a +1 vampiric whip
 n - a +2 vampiric hand axe (weapon)
Missiles
 k - a boomerang (quivered)
Armour
 c - a +0 plate armour (worn)
 h - a +0 buckler (worn)
Jewellery
 f - a ring of ice
 g - a ring of protection from cold (left hand)
Scrolls
 e - 8 scrolls of identify
 j - a scroll of brand weapon
Potions
 a - 2 potions of might
 b - 4 potions of curing
 d - a potion of heal wounds
 l - a potion of haste

Dungeon Overview and Level Annotations

Branches:
Dungeon (10/15)            Temple (0/1) D:4
   Lair: D:8-11         Orc: D:9-12

Altars:
Ashenzari
Gozag
Hepliaklqana
Kikubaaqudgha
Trog
The Shining One

Shops:
D:10 ?

Annotations:
D:10 Snorg


Message History

Snorg the Insatiable comes into view.
You slash Snorg!
Snorg is lightly wounded.
Snorg bites you. Snorg claws you. x2
You slash Snorg!
Snorg is lightly wounded.
Snorg bites you but does no damage. Snorg closely misses you. Snorg claws you.
You closely miss Snorg. You headbutt Snorg.
Snorg is moderately wounded.
Snorg bites you. Snorg claws you but does no damage. x2
You hit Snorg.
You feel better.
Snorg is moderately wounded.
You block Snorg's attack. Snorg claws you but does no damage. x2
You hit Snorg. Your headbutt misses Snorg.
Snorg is moderately wounded.
Snorg barely misses you. You furiously retaliate!
You headbutt Snorg! Snorg closely misses you.
Snorg claws you but does no damage.
You slash Snorg!
You feel better.
Snorg is heavily wounded.
Snorg bites you but does no damage. Snorg claws you. x2
You hit Snorg. You headbutt Snorg.
Snorg is severely wounded.
Snorg bites you but does no damage. Snorg claws you.
Snorg claws you but does no damage.
You slash Snorg!
Snorg is severely wounded.
Snorg bites you! Snorg claws you but does no damage. You block Snorg's attack.
You hit Snorg.
You feel better.
Your headbutt misses Snorg.
Snorg is severely wounded.
Snorg goes berserk!
You hit Snorg.
Snorg is severely wounded.
Snorg closely misses you.
Snorg barely misses you. x2; Snorg bites you!!
Snorg claws you. Snorg claws you!
8558 ||| READING scroll of teleportation.
As you read the scroll of teleportation, it crumbles to dust.
You feel strangely unstable. Snorg bites you but does no damage.
You block Snorg's attack. Snorg claws you! Snorg bites you!
You die...

#. #. ####[# #
...... .#
$.....###.#######
......... #...>.#
........###.....#
.......T).......#
.......#@.#.....#
o......##..>....#
.o).... ###.....#
...)... #.....#
###..?.
#.....#### #....
#...[../.# #....
#........#
##..###..#
#..+\'..#


You could see Snorg (berserk).

Vanquished Creatures
  Pikel (D:7)
  A cyclops (D:10)
  A troll (D:10)
  2 water moccasins (D:7)
  2 sky beasts
  5 black bears
  An ogre (D:6)
  4 lemures (D:7)
  4 phantoms
  2 kobold brigands (D:6)
  A bullfrog (D:7)
  2 scorpions
  A necrophage (D:6)
  6 killer bees (D:7)
  3 howler monkeys
  3 jellies
  An orc priest (D:6)
  2 hounds
  5 iguanas
  5 orc wizards
  11 adders
  A white imp (D:6)
  2 worms
  2 dart slugs
  14 orcs
  4 endoplasms
  2 giant cockroaches
  A goblin (D:1)
  6 hobgoblins
  6 jackals
  20 kobolds
  5 quokkas
  7 ball pythons
  4 bats
  A rat (D:2)
138 creatures vanquished.

Notes
Turn   | Place    | Note
-------+----------+-------------------------------------------
     0 | D:1      | qw the Minotaur Berserker began the quest for the Orb.
     0 | D:1      | Reached XP level 1. HP: 19/19 MP: 0/0
     0 | D:1      | 0 ||| qw: Version: 0.1-a-113-g051387a
     0 | D:1      | 0 ||| qw: Game counter: 7366
     0 | D:1      | 0 ||| qw: Always use a shield: true
     0 | D:1      | 0 ||| qw: Do Orc after D:15 true
     0 | D:1      | 0 ||| qw: Do second Lair branch before Depths: true
     0 | D:1      | 0 ||| qw: Lair rune preference: random
     0 | D:1      | 0 ||| qw: Plans: Normal
     0 | D:1      | 0 ||| PLANNING D:1-11
   143 | D:1      | 143 ||| INVOKING Berserk.
   597 | D:1      | Reached skill level 4 in Axes
   637 | D:1      | 637 ||| Stepping ~*~*~tactically~*~*~ (hiding).
   754 | D:1      | 754 ||| Stepping ~*~*~tactically~*~*~ (stealth).
   758 | D:1      | Reached XP level 2. HP: 21/26 MP: 1/1
   815 | D:1      | 815 ||| DROPPING +0 club.
   964 | D:1      | Found a faded altar of an unknown god.
  1196 | D:1      | 1196 ||| UPGRADING to +0 plate armour.
  1206 | D:1      | 1206 ||| DROPPING +0 animal skin.
  1207 | D:1      | 1207 ||| READING scroll labelled NON ZILOZXOIVE.
  1208 | D:1      | 1208 ||| READING scroll labelled QIETZA AQEEDEV.
  1309 | D:1      | 1309 ||| READING scroll labelled YLYOLU XUUSIFUG.
  1314 | D:1      | 1314 ||| READING scroll labelled LUNIBIETTIG.
  1315 | D:1      | 1315 ||| READING scroll labelled UNOATI DYHOOCK.
  1414 | D:2      | Reached skill level 5 in Axes
  1539 | D:2      | Reached XP level 3. HP: 19/31 MP: 2/2
  1730 | D:2      | 1730 ||| DROPPING +0 whip.
  1904 | D:2      | 1904 ||| INVOKING Berserk.
  1925 | D:2      | 1925 ||| Stepping ~*~*~tactically~*~*~ (stealth).
  2108 | D:2      | Reached ** piety under Trog
  2346 | D:2      | 2346 ||| DRINKING 2 ruby potions.
  2347 | D:2      | 2347 ||| DRINKING 2 murky sapphire potions.
  2412 | D:3      | Found a broken altar of Ashenzari.
  2556 | D:3      | Reached skill level 6 in Axes
  2556 | D:3      | Reached XP level 4. HP: 39/39 MP: 3/3
  2566 | D:3      | 2566 ||| Stepping ~*~*~tactically~*~*~ (hiding).
  2685 | D:3      | 2685 ||| Stepping ~*~*~tactically~*~*~ (hiding).
  2941 | D:3      | 2941 ||| INVOKING Berserk.
  2944 | D:3      | Reached XP level 5. HP: 45/45 MP: 4/4
  3246 | D:3      | Reached skill level 7 in Axes
  3452 | D:3      | 3452 ||| UPGRADING to +0 buckler.
  3457 | D:3      | 3457 ||| READING scroll labelled GATOUL CAOFYOS.
  3458 | D:3      | 3458 ||| READING scroll labelled WENEER CUHACW.
  3459 | D:3      | 3459 ||| DRINKING 3 purple potions.
  3564 | D:3      | 3564 ||| DROPPING 2 potions of berserk rage.
  3638 | D:4      | Identified the +8 dagger of Discomfort {vorpal, Stlth+}
  3652 | D:4      | 3652 ||| Stepping ~*~*~tactically~*~*~ (stealth).
  3680 | D:4      | Found a staircase to the Ecumenical Temple.
  3685 | D:4      | Reached skill level 1 in Shields
  3828 | D:4      | 3828 ||| Stepping ~*~*~tactically~*~*~ (stealth).
  3926 | D:4      | 3926 ||| Stepping ~*~*~tactically~*~*~ (stealth).
  4318 | D:4      | Noticed a phantom
  4327 | D:4      | Killed a phantom
  4328 | D:4      | Reached XP level 6. HP: 50/52 MP: 5/5
  4544 | D:4      | 4544 ||| DROPPING amulet of magic regeneration.
  4545 | D:4      | 4545 ||| READING scroll labelled OMNIUTHR WEOMAA.
  4546 | D:4      | 4546 ||| READING scroll labelled NEOSTULAT.
  4615 | D:5      | Entered Level 5 of the Dungeon
  4629 | D:5      | 4629 ||| Stepping ~*~*~tactically~*~*~ (stealth).
  4630 | D:5      | 4630 ||| DROPPING +5 mace.
  4631 | D:5      | 4631 ||| Stepping ~*~*~tactically~*~*~ (stealth).
  4680 | D:5      | Reached skill level 3 in Armour
  4788 | D:5      | 4788 ||| INVOKING Berserk.
  4929 | D:5      | Reached skill level 8 in Axes
  4960 | D:5      | Reached XP level 7. HP: 46/59 MP: 6/6
  5286 | D:5      | Reached skill level 9 in Axes
  5491 | D:5      | 5491 ||| SWAPPING to +0 war axe.
  5492 | D:5      | Reached *** piety under Trog
  5493 | D:5      | 5493 ||| DROPPING +1 hand axe.
  5688 | D:5      | 5688 ||| UPGRADING to ring of protection from cold.
  5690 | D:5      | 5690 ||| READING 2 scrolls of identify.
  5690 | D:5      | 5690 ||| IDENTIFYING fuming green potion
  5700 | D:5      | 5700 ||| DROPPING potion of lignification.
  5732 | D:6      | 5732 ||| STAIRDANCE
  5742 | D:5      | Reached skill level 3 in Shields
  5946 | D:6      | 5946 ||| INVOKING Berserk.
  6140 | D:6      | 6140 ||| Stepping ~*~*~tactically~*~*~ (stealth).
  6149 | D:6      | Reached XP level 8. HP: 56/68 MP: 7/7
  6149 | D:6      | 6149 ||| Stepping ~*~*~tactically~*~*~ (stealth).
  6155 | D:6      | Reached skill level 10 in Axes
  6208 | D:6      | 6208 ||| DROPPING +0 flail.
  6222 | D:6      | 6222 ||| INVOKING Berserk.
  6340 | D:6      | 6340 ||| INVOKING Berserk.
  6479 | D:6      | 6479 ||| Stepping ~*~*~tactically~*~*~ (stealth).
  6480 | D:6      | 6480 ||| Stepping ~*~*~tactically~*~*~ (stealth).
  6489 | D:6      | 6489 ||| INVOKING Berserk.
  6491 | D:6      | Reached skill level 6 in Fighting
  6876 | D:6      | 6876 ||| INVOKING Berserk.
  7007 | D:6      | 7007 ||| SWAPPING to +2 vampiric hand axe.
  7008 | D:6      | 7008 ||| DROPPING +0 war axe.
  7021 | D:6      | 7021 ||| READING scroll labelled QUAK JOMOER.
  7022 | D:6      | 7022 ||| DRINKING 3 murky dark potions.
  7023 | D:6      | 7023 ||| READING 3 scrolls of identify.
  7023 | D:6      | 7023 ||| IDENTIFYING fizzy clear potion
  7024 | D:6      | 7024 ||| READING 2 scrolls of identify.
  7024 | D:6      | 7024 ||| IDENTIFYING grey potion
  7025 | D:6      | 7025 ||| DROPPING potion of degeneration.
  7061 | D:7      | 7061 ||| STAIRDANCE
  7066 | D:7      | 7066 ||| STAIRDANCE
  7073 | D:7      | 7073 ||| STAIRDANCE
  7076 | D:6      | Reached skill level 11 in Axes
  7078 | D:7      | 7078 ||| STAIRDANCE
  7080 | D:6      | 7080 ||| INVOKING Berserk.
  7189 | D:7      | 7189 ||| INVOKING Berserk.
  7191 | D:7      | 7191 ||| STAIRDANCE
  7336 | D:7      | 7336 ||| Stepping ~*~*~tactically~*~*~ (stealth).
  7338 | D:7      | 7338 ||| Stepping ~*~*~tactically~*~*~ (stealth).
  7345 | D:7      | 7345 ||| FLEEEEING.
  7346 | D:7      | 7346 ||| FLEEEEING.
  7347 | D:7      | 7347 ||| FLEEEEING.
  7350 | D:7      | 7350 ||| STAIRDANCE
  7453 | D:7      | Reached XP level 9. HP: 50/75 MP: 8/8
  7458 | D:7      | 7458 ||| INVOKING Berserk.
  7461 | D:7      | HP: 26/112 [killer bee (4)]
  7464 | D:7      | HP: 12/112 [killer bee (6)]
  7469 | D:7      | HP: 14/112 [poisoned by a killer bee]
  7473 | D:7      | HP: 6/75 [poisoned by a killer bee]
  7867 | D:7      | 7867 ||| INVOKING Berserk.
  7878 | D:7      | Noticed Pikel
  7882 | D:7      | Reached skill level 12 in Axes
  7896 | D:7      | Killed Pikel
  8036 | D:7      | 8036 ||| INVOKING Berserk.
  8159 | D:7      | Found an opulent altar of Gozag.
  8160 | D:7      | Found a glowing golden altar of the Shining One.
  8236 | D:7      | Found an ancient bone altar of Kikubaaqudgha.
  8236 | D:7      | Found a bloodstained altar of Trog.
  8369 | D:7      | Found a hazy altar of Hepliaklqana.
  8389 | D:7      | You fall into a shaft and drop 3 floors!
  8389 | D:10     | Entered Level 10 of the Dungeon
  8391 | D:10     | Noticed a troll
  8396 | D:10     | 8396 ||| INVOKING Berserk.
  8405 | D:10     | Killed a troll
  8406 | D:10     | Reached skill level 13 in Axes
  8503 | D:10     | Found Keevos's Magic Scroll Emporium.
  8506 | D:10     | 8506 ||| BUYING scroll of brand weapon (95 gold).
  8506 | D:10     | Bought a scroll of brand weapon for 95 gold pieces
  8506 | D:10     | 8506 ||| BUYING scroll of identify (20 gold).
  8506 | D:10     | Bought a scroll of identify for 20 gold pieces
  8506 | D:10     | 8506 ||| BUYING scroll of identify (20 gold).
  8506 | D:10     | Bought a scroll of identify for 20 gold pieces
  8506 | D:10     | 8506 ||| BUYING scroll of identify (20 gold).
  8506 | D:10     | Bought a scroll of identify for 20 gold pieces
  8506 | D:10     | 8506 ||| BUYING scroll of identify (20 gold).
  8506 | D:10     | Bought a scroll of identify for 20 gold pieces
  8506 | D:10     | 8506 ||| BUYING scroll of identify (20 gold).
  8506 | D:10     | Bought a scroll of identify for 20 gold pieces
  8506 | D:10     | 8506 ||| BUYING scroll of identify (20 gold).
  8506 | D:10     | Bought a scroll of identify for 20 gold pieces
  8520 | D:10     | Noticed a cyclops
  8521 | D:10     | 8521 ||| Stepping ~*~*~tactically~*~*~ (stealth).
  8523 | D:10     | 8523 ||| Stepping ~*~*~tactically~*~*~ (hiding).
  8527 | D:10     | 8527 ||| Stepping ~*~*~tactically~*~*~ (hiding).
  8529 | D:10     | 8529 ||| INVOKING Berserk.
  8534 | D:10     | Killed a cyclops
  8546 | D:10     | Noticed Snorg
  8557 | D:10     | HP: 14/81 [Snorg (14)]
  8558 | D:10     | 8558 ||| READING scroll of teleportation.
  8558 | D:10     | HP: 5/81 [Snorg (9)]
  8558 | D:10     | Slain by Snorg

Levels and vault maps discovered:
D:1:      roderic_crossed_star, layout_basic,
          shapermc_ecumenical_altar_acropolis
D:2:      layout_loops_ring
D:3:      layout_basic, evilmike_ruin_ashenzari
D:4:      layout_basic, minmay_temple_entry_mini_moons
D:5:      layout_loops_cross, minmay_misc_feat_encased, grunt_decor_junction,
          minmay_quadrilaterals
D:6:      layout_gridville
D:7:      layout_basic, mainiacjoe_overflow_divided_tiny,
          mainiacjoe_overflow_chevrons, nicolae_overflow_hidden_temple,
          uniq_pikel
D:10:     layout_rooms, mainiacjoe_overflow_paths, serial_shops,
          kennysheep_mini_moat, uniq_amaemon, uniq_snorg, uniq_sonja

Skill      XL: |  1  2  3  4  5  6  7  8  9 |
---------------+----------------------------+-----
Axes           | 4 5 6 7 8 9 11 13 | 13.1
Shields        | 2 3 4 |  4.2
Fighting       | 4 5 6 8 |  8.0
Throwing       | 2 |  2.1
Armour         | 3 5 7 |  7.1
Dodging        | |  2.1

Action                   |  1- 3 |  4- 6 |  7- 9 || total
-------------------------+-------+-------+-------++-------
Melee: Hand axe          |    92 |   124 |   136 ||   352
       Headbutt          |    14 |    14 |    23 ||    51
       Punch             |     1 |     1 |       ||     2
       War axe           |       |       |    78 ||    78
Throw: Boomerang         |       |    20 |    42 ||    62
       Javelin           |       |     8 |       ||     8
Invok: Berserk           |     2 |     2 |    12 ||    16
  Use: Scroll            |     5 |     4 |     5 ||    14
       Potion            |     2 |     1 |     1 ||     4
Armor: Animal skin       |     1 |       |       ||     1
       Plate armour      |    34 |    56 |   112 ||   202
Dodge: Dodged            |    38 |    30 |    51 ||   119
Block: Buckler           |       |    11 |    41 ||    52

Table legend:
 A = Non-vault XP
 B = Vault XP
 C = Vault XP percentage of total XP
 D = Non-vault monster count
 E = Vault monster count
 F = Vault count percentage of total count
                 A         B        C        D         E       F
            +---------+---------+-------+---------+---------+-------
      Total |    4324 |     921 |  17.6 |     129 |       5 |   3.7
            +---------+---------+-------+---------+---------+-------
        D:1 |      20 |       0 |   0.0 |       9 |       0 |   0.0
        D:2 |      64 |       0 |   0.0 |      23 |       0 |   0.0
        D:3 |     128 |       0 |   0.0 |      17 |       0 |   0.0
        D:4 |     215 |       0 |   0.0 |      16 |       0 |   0.0
        D:5 |     419 |     280 |  40.1 |      10 |       4 |  28.6
        D:6 |    1236 |       0 |   0.0 |      34 |       0 |   0.0
        D:7 |    1353 |     641 |  32.1 |      15 |       1 |   6.2
       D:10 |     889 |       0 |   0.0 |       5 |       0 |   0.0
            +---------+---------+-------+---------+---------+-------
